 Dungeon Crawl Stone Soup version 0.24-a0-170-gd8427f5 (webtiles) character file.

Game seed: 9135643350747752926

1846 galech the Chopper (level 8, -7/61 HPs)
             Began as a Demonspawn Fighter on Mar 11, 2019.
             Mangled by an orc warrior
             ... wielding a +2 halberd of venom
              (10 damage)
             ... on level 7 of the Dungeon.
             The game lasted 00:09:48 (8150 turns).

galech the Chopper (Demonspawn Fighter)             Turns: 8150, Time: 00:09:49

Health: -7/61      AC: 13    Str: 17    XL:     8   Next: 88%
Magic:  8/8        EV:  3    Int: 10    God:
Gold:   285        SH: 10    Dex: 14    Spells: 7/7 levels left

rFire    + . .     SeeInvis +   a - +0 war axe
rCold    + . .     Gourm    .   c - +0 shield
rNeg     + . .     Faith    .   B - +0 plate armour
rPois    .         Spirit   .   (no helmet)
rElec    .         Reflect  .   y - scarf {rC+ rF+}
rCorr    .         Harm     .   t - +0 pair of gloves
MR       .....                  (no boots)
Stlth    ..........             (no amulet)
HPRegen  1.20/turn              H - ring of positive energy
MPRegen  0.11/turn              w - ring of see invisible

@: lethally poisoned (-7 -> -8), lightly drained
A: claws 2, powered by death 2
a: no special abilities


You were on level 7 of the Dungeon.
You were not hungry.

You visited 2 branches of the dungeon, and saw 8 of its levels.
You also visited: Sewer.

You collected 285 gold pieces.

Inventory:

Hand Weapons
 a - a +0 war axe (weapon)
Armour
 c - a +0 shield (worn)
 o - a +0 chain mail
 t - a +0 pair of gloves (worn)
 y - a scarf of resistance (worn)
 B - a +0 plate armour (worn)
Jewellery
 h - an uncursed ring of fire
 w - a ring of see invisible (right hand)
 E - an uncursed ring of stealth
 H - a ring of positive energy (left hand)
 M - an uncursed ring of poison resistance {unknown}
Wands
 d - a wand of acid (1)
 v - a wand of flame (34)
 x - a wand of disintegration (11)
 K - a wand of digging (5)
 L - a wand of polymorph (9)
Scrolls
 e - a scroll of remove curse
 j - a scroll of noise
 k - 2 scrolls of magic mapping
 n - 3 scrolls of random uselessness
 p - 3 scrolls of blinking {unknown}
 q - 2 scrolls of enchant armour
 r - 2 scrolls of fog {unknown}
 u - 2 scrolls of teleportation {unknown}
 D - a scroll of silence {unknown}
 G - 5 scrolls of identify
 J - a scroll of torment {unknown}
Potions
 b - 2 potions of heal wounds
 g - 2 potions of magic {unknown}
 i - 2 potions of haste {unknown}
 l - 2 potions of cancellation {unknown}
 m - 2 potions of curing
 s - a potion of brilliance {unknown}
 z - a potion of ambrosia {unknown}
 A - 2 potions of flight
 F - a potion of berserk rage {unknown}
 I - a potion of agility {unknown}
Comestibles
 f - 11 rations
 C - 4 chunks of flesh


   Skills:
 + Level 4.9(4.3) Fighting
 + Level 6.8(6.2) Axes
 + Level 5.6(5.0) Armour
 + Level 1.4(0.9) Dodging
 + Level 0.1(0.0) Stealth
 + Level 5.8(5.2) Shields


You had 7 spell levels left.
You didn't know any spells.
Your spell library contained the following spells:

 Spells                   Type           Power        Failure   Level  Hunger
 Animate Skeleton         Necr           N/A          100%        1    ##.....
 Apportation              Tloc           #.....       100%        1    ##.....
 Confusing Touch          Hex            #.....       100%        1    ##.....
 Summon Small Mammal      Summ           #...         100%        1    ##.....


Dungeon Overview and Level Annotations

Branches:
Dungeon (7/15)             Temple (1/1) D:6

Altars:
Ashenzari
Cheibriados
Dithmenos
Gozag
Hepliaklqana
Kikubaaqudgha
Makhleb
Nemelex Xobeh
Qazlal
Ru
Trog
Uskayaw
Vehumet
Xom
Yredelemnul
Zin
The Shining One


Innate Abilities, Weirdness & Mutations

You have very sharp fingernails.
You regenerate health from kills.


Message History

10 gold pieces; 3 stones; an orc corpse Your shield and plate armour prevent you from hitting the orc.
You hit the orc warrior.
You feel sick. You block the orc's attack. You block the orc warrior's attack.
You slash the orc!
You kill the orc!
You hit the orc warrior. You closely miss the orc warrior.
You feel sick. You block the orc warrior's attack.
The orc warrior hits you with a +2 halberd of venom!!
* * * LOW HITPOINT WARNING * * *
Unknown command.
Your shield and plate armour prevent you from hitting the orc.
Your plate armour prevents you from hitting the orc warrior.
You hit the orc warrior but do no damage.
You feel sick.
The orc warrior hits you with a cursed -1 battleaxe!
* * * LOW HITPOINT WARNING * * *
You block the orc's attack.
The orc warrior hits you with a +2 halberd of venom!
You die...

..# ##.#.##.#....# ....#
#.......)#..# #####
....####...##.####.##### <...#
#..........## #........ ....#
##....###..# .##....^..( ....#
#####....###..#.# #........
...(###.....#....)....###########
....รท(#(###.##..o......# #.....
.####o(..)o..###@##......>...####
.# ###.##...##oo# #...... ###. .#
#.####..#.## .#..#. #..> # ..#
#..#.# .#.## #... ..## ##...# ..
# ..... ... #.......# #..... ####
......#### ..##.. ###..### ## #..
#..# #..


You could see 2 orc warriors and an orc.

Vanquished Creatures
  2 black bears (D:6)
  A sky beast (D:7)
  A centaur (D:5)
  An ogre (D:6)
  3 big kobolds
  4 bullfrogs
  A scorpion (D:5)
  4 wights (D:6)
  A crimson imp (D:5)
  A bullfrog zombie (D:5)
  An orc priest (D:7)
  2 centaur skeletons
  An iguana (D:7)
  Ijyb (D:3)
  Terence (D:3)
  2 worker ants
  3 orc wizards (D:4)
  A killer bee zombie (D:5)
  A hound skeleton (D:4)
  2 worker ant zombies
  7 gnolls
  10 adders
  2 river rats
  2 shadow imps
  An ooze (D:2)
  2 adder zombies (D:6)
  3 worms
  2 dart slugs
  A leopard gecko (D:2)
  9 orcs
  6 giant cockroaches
  8 goblins
  12 hobgoblins
  9 jackals
  25 kobolds
  A quokka (D:2)
  6 ball pythons
  3 bats (D:3)
  8 frilled lizards
  A quokka skeleton (D:2)
  12 rats
164 creatures vanquished.

Notes
Turn   | Place    | Note
-------+----------+-------------------------------------------
     0 | D:1      | galech the Demonspawn Fighter began the quest for the Orb.
     0 | D:1      | Reached XP level 1. HP: 18/18 MP: 1/1
   127 | D:1      | Gained mutation: You regenerate a little health from kills.
                  | [demonic ancestry]
   127 | D:1      | Reached XP level 2. HP: 23/24 MP: 2/2
   154 | D:1      | Reached skill level 2 in Axes
   871 | D:1      | Reached XP level 3. HP: 25/29 MP: 3/3
   897 | D:2      | Found a stormy altar of Qazlal.
   898 | D:2      | Noticed a fire elemental
   900 | D:2      | Noticed an air elemental
   900 | D:2      | Noticed a water elemental
   900 | D:2      | Noticed an earth elemental
  1252 | D:2      | Gained mutation: You have sharp fingernails. [demonic
                  | ancestry]
  1252 | D:2      | Reached XP level 4. HP: 35/35 MP: 4/4
  1991 | D:2      | Reached skill level 3 in Axes
  2132 | D:3      | Gained mutation: You have very sharp fingernails. [demonic
                  | ancestry]
  2132 | D:3      | Reached XP level 5. HP: 41/41 MP: 5/5
  2177 | D:3      | Noticed Ijyb
  2183 | D:3      | Killed Ijyb
  2718 | D:3      | Found a faded altar of an unknown god.
  2759 | D:3      | Found an opulent altar of Gozag.
  3013 | D:3      | Noticed Terence
  3044 | D:3      | Killed Terence
  3044 | D:3      | Reached skill level 1 in Dodging
  3238 | D:3      | Found a burning altar of Makhleb.
  3785 | D:4      | Reached XP level 6. HP: 36/47 MP: 6/6
  4324 | D:5      | Entered Level 5 of the Dungeon
  4432 | D:5      | Reached skill level 4 in Axes
  5368 | D:5      | Gained mutation: You regenerate health from kills. [demonic
                  | ancestry]
  5368 | D:5      | Reached XP level 7. HP: 30/54 MP: 7/7
  5657 | D:6      | Found a staircase to the Ecumenical Temple.
  5666 | Temple   | Entered the Ecumenical Temple
  5787 | D:6      | Found a bloodstained altar of Trog.
  5799 | D:6      | Reached skill level 5 in Axes
  5811 | D:6      | Found a glowing drain.
  5833 | Sewer    | Entered a sewer
  6452 | Sewer    | Found a white marble altar of Elyvilon.
  6566 | D:6      | Reached XP level 8. HP: 31/60 MP: 8/8
  6722 | D:6      | Found a hide-covered altar of Uskayaw.
  6934 | D:6      | Reached skill level 5 in Armour
  6934 | D:6      | Reached skill level 5 in Shields
  6994 | D:6      | Reached skill level 6 in Axes
  8150 | D:7      | HP: 3/61 [orc warrior/cursed -1 battleaxe (7)]
  8150 | D:7      | Mangled by an orc warrior

Levels and vault maps discovered:
D:1:      kilobyte_arrival_exit_the_forest, layout_loops_ring
D:2:      layout_basic, nicolae_qazlal_style_of_elements
D:3:      layout_rooms, nicolae_gozag_seed_capital, marbit_many_paths,
          chequers_ecumenical_altar_island, first_ration,
          minmay_fractal_squares_5, uniq_ijyb, uniq_terence
D:4:      layout_loops_ring
D:5:      layout_basic, eino_small_chamber_without_monster
D:6:      layout_loops_ring, eat_drink_and_be_merry_uskayaw,
          minmay_temple_entry_wispy, portal_sewer_entry_b, trog_ov_bears_minmay
D:7:      cheibrodos_shockbox, layout_rooms, serial_shops,
          nicolae_shop_waterfront
Temple:   zaba_magenta_temple
Sewer:    sewer_kobolds

Skill      XL: |  1  2  3  4  5  6  7  8 |
---------------+-------------------------+-----
Shields        | 3 4 5 |  5.8
Axes           | 2 3 4 5 6 |  6.8
Armour         | 3 4 5 |  5.6
Dodging        | 1 |  1.4
Fighting       | 4 |  4.9
Stealth        | |  0.1

Action                   |  1- 3 |  4- 6 |  7- 9 || total
-------------------------+-------+-------+-------++-------
Melee: War axe           |   132 |   278 |   315 ||   725
  Use: Potion            |       |     1 |     5 ||     6
       Scroll            |       |     5 |     2 ||     7
  Eat: Chunk             |     1 |    12 |     8 ||    21
       Ration            |       |       |     1 ||     1
Armor: Scale mail        |    54 |       |       ||    54
       Chain mail        |     2 |   132 |       ||   134
       Plate armour      |       |    29 |   258 ||   287
Dodge: Dodged            |    38 |    68 |    40 ||   146
Block: Shield            |    63 |   144 |   210 ||   417

Table legend:
 A = Non-vault XP
 B = Vault XP
 C = Vault XP percentage of total XP
 D = Non-vault monster count
 E = Vault monster count
 F = Vault count percentage of total count
                 A         B        C        D         E       F
            +---------+---------+-------+---------+---------+-------
      Total |    2148 |     490 |  18.6 |     136 |      28 |  17.1
            +---------+---------+-------+---------+---------+-------
        D:1 |      60 |       0 |   0.0 |      22 |       0 |   0.0
        D:2 |     119 |       0 |   0.0 |      27 |       0 |   0.0
        D:3 |      33 |      96 |  74.4 |      21 |       8 |  27.6
        D:4 |     162 |       0 |   0.0 |      11 |       0 |   0.0
        D:5 |     386 |       0 |   0.0 |      10 |       0 |   0.0
        D:6 |     827 |     271 |  24.7 |      25 |       8 |  24.2
        D:7 |     561 |       0 |   0.0 |      20 |       0 |   0.0
      Sewer |       0 |     123 | 100.0 |       0 |      12 | 100.0
            +---------+---------+-------+---------+---------+-------
